 Dungeon Crawl Stone Soup version 0.27-a0-385-g3208abaabc (webtiles) character file.

Game seed: 18405791653176610339

89 kae the Ruffian (level 4, 6/36 HPs)
             Began as a Draconian Transmuter on Feb 18, 2021.
             Quit the game on level 2 of the Dungeon.
             The game lasted 00:02:16 (2123 turns).

kae the Ruffian (Draconian Transmuter)              Turns: 2123, Time: 00:02:16

Health: 6/36       AC:  5    Str: 14    XL:     4   Next: 31%
Magic:  1/7        EV: 12    Int: 13    God:
Gold:   85         SH:  0    Dex: 11    Spells: 3/7 levels left

rFire    . . .     SeeInvis .     - Unarmed
rCold    . . .     Faith    .   (no shield)
rNeg     . . .     Spirit   .   (armour unavailable)
rPois    .         Reflect  .   (helmet currently unavailable)
rElec    .         Harm     .   e - scarf {repulsion}
rCorr    +         Rampage  .   (no gloves)
Will     .....                  (boots currently unavailable)
Stlth    +.........             (no amulet)
HPRegen  0.12/turn              f - ring of resist corrosion
MPRegen  0.10/turn              (no ring)

@: lethally poisoned (6 -> -2), appendages (expiring), very slightly
contaminated, repel missiles
A: unfitting armour, horns 2, talons 2, cold-blooded, AC +5
a: End Transformation


You were on level 2 of the Dungeon.
You had grown temporary horns.
You had grown temporary talons.
You visited 1 branch of the dungeon, and saw 3 of its levels.

You collected 85 gold pieces.

Inventory:

Armour
 e - a scarf of repulsion (worn)
Jewellery
 d - an amulet of faith
 f - a ring of resist corrosion (left hand)
Wands
 i - a wand of paralysis (5)
Scrolls
 b - 3 scrolls of identify
Potions
 a - a potion of brilliance
 g - a potion of flight


   Skills:
 + Level 2.0 Fighting
 + Level 2.3 Dodging
 * Level 3.9 Unarmed Combat
 + Level 2.4 Spellcasting
 + Level 2.4 Transmutations
 * Level 0.4 Poison Magic


You had 3 spell levels left.
You knew the following spells:

 Your Spells              Type           Power        Failure   Level
a - Beastly Appendage     Tmut           14%          9%          1
b - Spider Form           Tmut/Pois      2%           38%         3

Your spell library contained the following spells:

 Spells                   Type           Power        Failure   Level
 Wereblood                Tmut           7%           14%         2
 Ice Form                 Ice/Tmut       4%           83%         4
 Blade Hands              Tmut           3%           94%         5


Dungeon Overview and Level Annotations

Branches:
Dungeon (3/15)

Altars:


Innate Abilities, Weirdness & Mutations

Your plain brown scales are hard. (AC +5)
You cannot fit into any form of body armour.
You are cold-blooded and may be slowed by cold attacks.
You have a pair of horns on your head.
You have razor-sharp toenails.


Message History

The orc hits you with a +0 club.
You barely miss the orc. Your kick misses the orc.
You headbutt the orc, but do no damage.
The orc is moderately wounded.
The orc hits you but does no damage.
You hit the orc. You claw the orc, but do no damage.
The orc is heavily wounded.
The orc closely misses you.
You hit the orc but do no damage. You claw the orc.
You kill the orc!
Your transformation is almost over.
You closely miss the orc.
Your tail-slap misses the orc.
The orc is moderately wounded.
The orc hits you with a +2 flail of venom.
You are poisoned.
You hit the orc.
The orc is severely wounded.
You feel sick.
You hit the orc but do no damage. You claw the orc, but do no damage.
You headbutt the orc, but do no damage.
The orc is severely wounded.
You feel sick. The orc barely misses you.
You hit the orc but do no damage. Your kick misses the orc.
The orc is severely wounded.
The orc hits you but does no damage.
You are lethally poisoned!
You hit the orc.
You kill the orc!
* * * LOW HITPOINT WARNING * * *
You feel sick.
* * * LOW HITPOINT WARNING * * *
You feel sick.
Items here: )) [[ †.
* * * LOW HITPOINT WARNING * * *
You feel sick.
There is a lethal amount of poison in your body!
There is a lethal amount of poison in your body!
There is a lethal amount of poison in your body!
Okay, then.
Are you sure you want to abandon this character and quit the game? (Confirm with "yes".)

#..# ########### ##..#####
#.........# # #.......#
#.........# # #.#####.###
#.........# # #.#
#.....########.........# #
##.#
#.##...................# #
#..#
#.##.#########.........###
#.## #.##.#######
#..........## #.#
#.##.)..)@.###..........##
#.#
#.########..............##
#.# #.######
####............. #.#
#......########.#######>..
#.#
#.#..#.....†...........)..
#.#
#.##...######.........).##
##.# #.####.#
#....######..#[## #..# #.#
#.###.#### ###..##..# #.##
##.# #.#...# #.........


There were no monsters in sight!

Vanquished Creatures
  3 adders (D:2)
  A worm (D:2)
  3 leopard geckos (D:1)
  3 orcs (D:2)
  A ball python (D:1)
  3 giant cockroaches
  4 goblins
  9 hobgoblins
  2 jackals (D:1)
  A quokka (D:2)
  7 bats
  3 frilled lizards
  6 kobolds
  6 rats
52 creatures vanquished.

Notes
Turn   | Place    | Note
-------+----------+-------------------------------------------
     0 | D:1      | kae the Draconian Transmuter began the quest for the Orb.
     0 | D:1      | Reached XP level 1. HP: 16/16 MP: 3/3
   324 | D:1      | Reached XP level 2. HP: 21/23 MP: 3/5
   489 | D:1      | Reached XP level 3. HP: 14/28 MP: 4/6
   493 | D:1      | Learned a level 3 spell: Spider Form
  1752 | D:2      | Reached XP level 4. HP: 34/36 MP: 7/7
  2123 | D:2      | Quit the game

Illustrated notes

Levels and vault maps discovered:
D:1:      evilmike_arrival_fibonacci_small, layout_basic
D:2:      layout_rooms
D:3:      layout_rooms

Skill      XL: |  1  2  3 |
---------------+----------+-----
Dodging        | 2 |  2.3
Fighting       | 2 |  2.0
Unarmed Combat | |  3.9
Spellcasting   | |  2.4
Transmutations | |  2.4
Poison Magic   | |  0.4

Action                   |  1- 3 |  4- 6 || total
-------------------------+-------+-------++-------
Melee: Unarmed           |   161 |    38 ||   199
       Kick              |    27 |     5 ||    32
       Tailslap          |    10 |     3 ||    13
       Headbutt          |     7 |     4 ||    11
       Punch             |     2 |       ||     2
 Cast: Beastly Appendage |    25 |     5 ||    30
  Use: Scroll            |     5 |     2 ||     7
       Potion            |       |     3 ||     3
Armor: Skin              |    50 |     7 ||    57
Dodge: Dodged            |   125 |    31 ||   156

Table legend: (Time is in decaauts)
 A = Elapsed time spent in this place.
 B = Non-inter-level travel time spent in this place.
 C = Inter-level travel time spent in this place.
 D = Time resting spent in this place.
 E = Time spent auto-exploring this place.
 F = Levels seen in this place.
 G = Mean time per level.
                   A        B        C        D        E       F      G
               +--------+--------+--------+--------+--------+-----+--------+
         Total |   2110 |   2094 |     16 |     31 |   1637 |   3 |  703.3 |
       Dungeon |   2110 |   2094 |     16 |     31 |   1637 |   3 |  703.3 |
               +--------+--------+--------+--------+--------+-----+--------+

Top non-repeatable levels by time:
     D:1: 1287 daAuts
     D:2: 815 daAuts
     D:3: 7 daAuts
